AoeStats
← Sobek

Arabia

510847652Analyzed
1v1 RM · 1d ago on Oct 2, 2026· 44m 25s· 2 players
Game mode
Random Map
Map size
Tiny (2 player)
Population
200
Speed
Normal
Resources
Standard
Victory
Conquest
Starting age
Dark Age
Ending age
Imperial Age
RankedLock teamsTeams togetherTeam positionsShared explorationLock speedFull tech treeHidden civsTurbo modeCheats
Victory
Defeat
🇧🇷 Franks · Brazil
917
+14
🇦🇷 Sicilians · Argentina
882
-14
Sobek
2:04 Loom
14:29 Feudal Age
16:29 Scale Mail Armor
20:14 Forging
26:41 Castle Age
26:43 Pikeman
28:46 Wheelbarrow
30:15 Double-Bit Axe
32:24 Bow Saw
40:15 Chain Mail Armor
_Lupin_
7:02 Loom
7:39 Loom
10:14 Feudal Age
10:42 Double-Bit Axe
20:21 Castle Age
19:57 Scale Barding Armor
20:03 Forging
19:47 Gold Mining
21:13 Fletching
23:20 Bow Saw
24:59 Elite Skirmisher
25:47 Husbandry
28:37 Chain Barding Armor
31:33 Ballistics
33:29 Stone Mining
34:14 Gold Shaft Mining
37:02 Wheelbarrow
39:09 Imperial Age
39:13 Iron Casting
38:34 Bodkin Arrow
39:23 Cavalier
41:22 Plate Barding Armor
41:48 Blast Furnace
41:52 Paladin
Connection lost

Rejoining the realm…

Still unreachable

The connection could not be restored.

Session expired

The server has moved on; the page needs a fresh start.